[Event "FICS rated blitz game"]
[Site "FICS freechess.org"]
[FICSGamesDBGameNo "20001741"]
[White "hight"]
[Black "frenchtal"]
[WhiteElo "1649"]
[BlackElo "1651"]
[WhiteRD "na"]
[BlackRD "na"]
[TimeControl "300+0"]
[Date "1999.09.10"]
[Time "20:10:00"]
[WhiteClock "0:05:00.000"]
[BlackClock "0:05:00.000"]
[ECO "E42"]
[PlyCount "76"]
[Result "0-1"]

1. d4 Nf6 2. c4 e6 3. Nc3 Bb4 4. e3 c5 5. Ne2 Nc6 6. a3 cxd4 7. exd4 Be7 8. Ng3 d5 9. Bd3 dxc4 10. Bxc4 O-O 11. Be3 b6 12. O-O Bb7 13. Qd2 Nd5 14. Nxd5 exd5 15. Bd3 Bf6 16. Rad1 Re8 17. Bb1 Na5 18. Nh5 Be7 19. Qd3 g6 20. Nf4 Nc4 21. Bc1 Bf6 22. Rfe1 Qd7 23. Re2 Rxe2 24. Nxe2 Re8 25. Nc3 Bg7 26. Bg5 Nxb2 27. Qc2 Nxd1 28. Qxd1 Qe6 29. Bd2 Bxd4 30. Nb5 Be5 31. Be3 d4 32. Nxd4 Bxd4 33. Qxd4 Qe5 34. Qd7 Qe7 35. Qd4 Rd8 36. Qg4 h5 37. Qf3 Bxf3 38. gxf3 Rd1+ {White resigns} 0-1

[Event "FICS rated blitz game"]
[Site "FICS freechess.org"]
[FICSGamesDBGameNo "20001740"]
[White "RoniTovi"]
[Black "TeemuTH(FM)"]
[WhiteElo "1977"]
[BlackElo "2016"]
[WhiteRD "na"]
[BlackRD "na"]
[TimeControl "180+0"]
[Date "1999.09.10"]
[Time "18:28:00"]
[WhiteClock "0:03:00.000"]
[BlackClock "0:03:00.000"]
[ECO "D15"]
[PlyCount "74"]
[Result "0-1"]

1. Nf3 d5 2. d4 Nf6 3. c4 c6 4. Nc3 dxc4 5. e4 b5 6. e5 Nd5 7. a4 e6 8. axb5 Nxc3 9. bxc3 cxb5 10. Bg5 Be7 11. h4 Bb7 12. Be2 Nd7 13. Qb1 a6 14. O-O h6 15. Bxe7 Qxe7 16. g3 O-O 17. Nd2 Bd5 18. Ne4 Bxe4 19. Qxe4 Nb6 20. Bd1 Nd5 21. Bc2 f5 22. exf6 Nxf6 23. Qg6 Qf7 24. Rfe1 Qxg6 25. Bxg6 Nd5 26. Ra3 a5 27. Rxe6 b4 28. cxb4 axb4 29. Rxa8 Rxa8 30. Rd6 Nf6 31. Rb6 Nd5 32. Rb5 Rd8 33. Be4 Nc3 34. Re5 Nxe4 35. Rxe4 c3 36. Kf1 b3 37. Re3 c2 {White resigns} 0-1

[Event "FICS rated blitz game"]
[Site "FICS freechess.org"]
[FICSGamesDBGameNo "20001739"]
[White "Roederer"]
[Black "bafq"]
[WhiteElo "986"]
[BlackElo "1201"]
[WhiteRD "na"]
[BlackRD "na"]
[TimeControl "120+10"]
[Date "1999.09.10"]
[Time "17:10:00"]
[WhiteClock "0:02:00.000"]
[BlackClock "0:02:00.000"]
[ECO "B07"]
[PlyCount "62"]
[Result "0-1"]

1. e4 d6 2. Bc4 Nf6 3. Qf3 g6 4. d3 Bg7 5. h3 Nc6 6. Ne2 O-O 7. Bg5 a6 8. Bxf6 Bxf6 9. c3 b5 10. Bd5 Bb7 11. h4 Ne5 12. Qe3 c6 13. Bb3 Ng4 14. Qg3 Qd7 15. h5 Be5 16. Qh4 Bf6 17. Qg3 g5 18. f4 gxf4 19. Qxf4 h6 20. Ng3 Bg5 21. Qf3 Ne3 22. Nf5 Nxf5 23. Qxf5 e6 24. Qg4 Rae8 25. O-O f5 26. exf5 d5 27. fxe6 Rxf1+ 28. Kxf1 Rxe6 29. Nd2 Re1+ 30. Rxe1 Qxg4 31. Re8+ Kf7 {White forfeits on time} 0-1

[Event "FICS rated blitz game"]
[Site "FICS freechess.org"]
[FICSGamesDBGameNo "20001738"]
[White "minirecif"]
[Black "BananaJr"]
[WhiteElo "976"]
[BlackElo "1149"]
[WhiteRD "na"]
[BlackRD "na"]
[TimeControl "180+5"]
[Date "1999.09.10"]
[Time "16:43:00"]
[WhiteClock "0:03:00.000"]
[BlackClock "0:03:00.000"]
[ECO "D30"]
[PlyCount "100"]
[Result "0-1"]

1. d4 d5 2. c4 e6 3. Nf3 Nc6 4. Nc3 Nf6 5. Bg5 h6 6. Bh4 Be7 7. e3 O-O 8. Qc2 a6 9. Bd3 b5 10. cxd5 exd5 11. Ne5 b4 12. Nb5 axb5 13. Qxc6 Bd7 14. Qc2 c6 15. Bxf6 Bxf6 16. Bh7+ Kh8 17. Bd3 Bxe5 18. Bh7 Bd6 19. Bd3 Rc8 20. Be2 c5 21. dxc5 Bxc5 22. Qd3 b3 23. axb3 Bb4+ 24. Kf1 Ra8 25. Rc1 Qg5 26. Bf3 Bf5 27. Qxd5 Rac8 28. Rxc8 Rxc8 29. Ke2 Rc2+ 30. Kd1 Rxb2 31. Qa8+ Kh7 32. Re1 Bxe1 33. Kxe1 Rb1+ 34. Ke2 Rxb3 35. e4 Be6 36. e5 Qxe5+ 37. Qe4+ Qxe4+ 38. Bxe4+ Kg8 39. f4 Bc4+ 40. Kd2 Rb1 41. f5 Rh1 42. h3 b4 43. Kc2 b3+ 44. Kc3 Rc1+ 45. Kb4 b2 46. Ka3 b1=Q 47. Bxb1 Rxb1 48. g4 Rh1 49. h4 Rxh4 50. g5 hxg5 {White resigns} 0-1

[Event "FICS rated blitz game"]
[Site "FICS freechess.org"]
[FICSGamesDBGameNo "20001737"]
[White "Galileo"]
[Black "Chaoswarrior"]
[WhiteElo "1655"]
[BlackElo "1688"]
[WhiteRD "na"]
[BlackRD "na"]
[TimeControl "120+2"]
[Date "1999.09.10"]
[Time "15:06:00"]
[WhiteClock "0:02:00.000"]
[BlackClock "0:02:00.000"]
[ECO "A28"]
[PlyCount "92"]
[Result "0-1"]

1. c4 e5 2. Nc3 Nf6 3. Nf3 Nc6 4. e4 d6 5. Be2 Be7 6. O-O O-O 7. d3 h6 8. Be3 Nh7 9. Nd2 f5 10. f4 fxe4 11. Ndxe4 exf4 12. Bxf4 Bf5 13. Bh5 Ng5 14. Nd5 Nxe4 15. Nxe7+ Nxe7 16. dxe4 Bxe4 17. Qd4 Bg6 18. Bxg6 Nxg6 19. Bd2 Rxf1+ 20. Rxf1 Ne5 21. b3 Qd7 22. Qd5+ Kh8 23. Qxb7 Re8 24. Bc3 Qg4 25. Bxe5 dxe5 26. Qxc7 Qd4+ 27. Kh1 e4 28. Qc6 Qe5 29. Qd5 Qe7 30. Re1 e3 31. Kg1 e2 32. Qd2 Qc5+ 33. Kh1 Qf2 34. h3 Qf1+ 35. Rxf1 exf1=Q+ 36. Kh2 Qe2 37. Qxe2 Rxe2 38. b4 Rxa2 39. c5 Rc2 40. Kg3 Kg8 41. Kf4 Kf7 42. Ke5 Ke7 43. Kd5 Kd7 44. b5 Kc7 45. c6 Rxg2 46. Ke6 Rg3 {White resigns} 0-1

[Event "FICS rated blitz game"]
[Site "FICS freechess.org"]
[FICSGamesDBGameNo "20001736"]
[White "nicksinc"]
[Black "Alibaba"]
[WhiteElo "1417"]
[BlackElo "1541"]
[WhiteRD "na"]
[BlackRD "na"]
[TimeControl "180+3"]
[Date "1999.09.10"]
[Time "13:04:00"]
[WhiteClock "0:03:00.000"]
[BlackClock "0:03:00.000"]
[ECO "C59"]
[PlyCount "86"]
[Result "0-1"]

1. e4 e5 2. Nf3 Nc6 3. Bc4 Nf6 4. Ng5 d5 5. exd5 Na5 6. Bb5+ c6 7. dxc6 bxc6 8. Be2 h6 9. Nf3 e4 10. Ne5 Bd6 11. f4 Qc7 12. Nc3 O-O 13. O-O Bb7 14. d4 c5 15. Be3 cxd4 16. Bxd4 Nc6 17. Nxc6 Qxc6 18. Bxf6 gxf6 19. Kh1 Kg7 20. Qe1 Rg8 21. Qh4 Kh7 22. Qxf6 Raf8 23. Qf5+ Kh8 24. Qf6+ Rg7 25. Qxh6+ Rh7 26. Qf6+ Kg8 27. Rad1 Bc5 28. Qxc6 Bxc6 29. Nd5 Kg7 30. c4 Rfh8 31. h3 e3 32. Rf3 Kf8 33. Rdf1 Rh6 34. b3 Rg6 35. Bd3 Rg7 36. f5 e2 37. Bxe2 Rhg8 38. g4 Rh7 39. Kg2 Rgh8 40. Rh1 Rg7 41. Rh2 Bd7 42. Rg3 Bd6 43. f6 Rg6 {White forfeits on time} 0-1

[Event "FICS rated blitz game"]
[Site "FICS freechess.org"]
[FICSGamesDBGameNo "20001735"]
[White "milktoast"]
[Black "pits"]
[WhiteElo "1340"]
[BlackElo "1535"]
[WhiteRD "na"]
[BlackRD "na"]
[TimeControl "300+0"]
[Date "1999.09.10"]
[Time "11:12:00"]
[WhiteClock "0:05:00.000"]
[BlackClock "0:05:00.000"]
[ECO "C02"]
[PlyCount "38"]
[Result "0-1"]

1. e4 e6 2. d4 d5 3. e5 c5 4. c3 Nc6 5. Nf3 Qb6 6. Be2 cxd4 7. cxd4 Bb4+ 8. Bd2 Nxd4 9. Nxd4 Qxd4 10. Bb5+ Bd7 11. Bxd7+ Kxd7 12. Nc3 Qxe5+ 13. Qe2 Qxe2+ 14. Nxe2 Bxd2+ 15. Kxd2 Nf6 16. Rhc1 Rac8 17. Ke1 Ne4 18. Nd4 Nc5 19. Nb5 Nd3+ {White resigns} 0-1

[Event "FICS rated blitz game"]
[Site "FICS freechess.org"]
[FICSGamesDBGameNo "20001734"]
[White "loney"]
[Black "RJF"]
[WhiteElo "1976"]
[BlackElo "2138"]
[WhiteRD "na"]
[BlackRD "na"]
[TimeControl "180+0"]
[Date "1999.09.10"]
[Time "10:27:00"]
[WhiteClock "0:03:00.000"]
[BlackClock "0:03:00.000"]
[ECO "A01"]
[PlyCount "56"]
[Result "0-1"]

1. b3 e5 2. Bb2 d6 3. g3 f5 4. Bg2 Nf6 5. e3 Be7 6. Ne2 O-O 7. h4 c6 8. d4 Nbd7 9. Nd2 a5 10. a3 Qe8 11. c4 Qh5 12. dxe5 dxe5 13. Nc3 Nc5 14. Qxh5 Nxh5 15. Bf1 f4 16. exf4 exf4 17. Rg1 fxg3 18. fxg3 Bf6 19. O-O-O Bg4 20. Re1 Rad8 21. Nde4 Nxe4 22. Nxe4 Bxb2+ 23. Kxb2 Nf6 24. Nxf6+ Rxf6 25. Rg2 Bh3 26. Rg1 Rf2+ 27. Kb1 Bf5+ 28. Ka1 Rdd2 {White resigns} 0-1

[Event "FICS rated lightning game"]
[Site "FICS freechess.org"]
[FICSGamesDBGameNo "20001732"]
[White "kristy"]
[Black "jtchezz"]
[WhiteElo "1745"]
[BlackElo "1736"]
[WhiteRD "na"]
[BlackRD "na"]
[TimeControl "60+0"]
[Date "1999.09.10"]
[Time "10:06:00"]
[WhiteClock "0:01:00.000"]
[BlackClock "0:01:00.000"]
[ECO "D05"]
[PlyCount "60"]
[Result "0-1"]

1. e3 e6 2. Nf3 d5 3. d4 Nf6 4. Ne5 Nc6 5. f4 Nxe5 6. fxe5 Ne4 7. Bd3 f5 8. O-O c5 9. b3 cxd4 10. exd4 Be7 11. c4 O-O 12. c5 b6 13. b4 bxc5 14. bxc5 a5 15. a4 Ba6 16. Ba3 Bxd3 17. Qxd3 Rb8 18. Nc3 Rb3 19. Rfc1 Qc7 20. Rc2 Rfb8 21. Bc1 Nxc3 22. Rxc3 Rxc3 23. Qxc3 h6 24. Bd2 Rb4 25. Qe3 Rc4 26. Qe1 g5 27. Bxa5 Qa7 28. Bb6 Qa6 29. a5 Rxd4 30. c6 Re4 {White forfeits on time} 0-1

[Event "FICS rated blitz game"]
[Site "FICS freechess.org"]
[FICSGamesDBGameNo "20001731"]
[White "Mans"]
[Black "Dogger"]
[WhiteElo "1682"]
[BlackElo "1558"]
[WhiteRD "na"]
[BlackRD "na"]
[TimeControl "180+0"]
[Date "1999.09.10"]
[Time "04:01:00"]
[WhiteClock "0:03:00.000"]
[BlackClock "0:03:00.000"]
[ECO "B00"]
[PlyCount "88"]
[Result "0-1"]

1. e4 b6 2. d4 Bb7 3. Bd3 e6 4. f4 Nf6 5. Qe2 Bb4+ 6. c3 Be7 7. Nf3 d5 8. e5 Ne4 9. Nbd2 Nxd2 10. Bxd2 a5 11. O-O Ba6 12. f5 Bxd3 13. Qxd3 O-O 14. Rae1 c5 15. h3 Nc6 16. Nh2 cxd4 17. cxd4 Nb4 18. Qf3 Nc2 19. Re3 Nxd4 20. Qg4 Nxf5 21. Ref3 Qc7 22. Qa4 Qxe5 23. g4 Ng3 24. Bf4 Bc5+ 25. Kg2 Qe2+ 26. Kxg3 Rac8 27. Qb3 d4 28. Qd3 Qxb2 29. Be5 Qc3 30. Qe4 Qc4 31. g5 Qd5 32. Qh4 Qxe5+ 33. Kg2 Qe2+ 34. R3f2 Qe5 35. Ng4 Qd6 36. Nf6+ gxf6 37. gxf6 Kh8 38. Kh1 d3 39. Rg2 Qe5 40. Rg5 Qd5+ 41. Kh2 Bd6+ 42. Kg1 Bc5+ 43. Kh2 Qd6+ 44. Kh1 Qc6+ {White forfeits on time} 0-1

[Event "FICS rated blitz game"]
[Site "FICS freechess.org"]
[FICSGamesDBGameNo "20001730"]
[White "notabene"]
[Black "CISKO"]
[WhiteElo "1642"]
[BlackElo "1640"]
[WhiteRD "na"]
[BlackRD "na"]
[TimeControl "180+0"]
[Date "1999.09.10"]
[Time "03:31:00"]
[WhiteClock "0:03:00.000"]
[BlackClock "0:03:00.000"]
[ECO "D02"]
[PlyCount "53"]
[Result "1-0"]

1. d4 Nf6 2. Nf3 d5 3. Bf4 g6 4. e3 Bg7 5. Be2 c5 6. Nc3 Nc6 7. h4 Bg4 8. Ne5 Bxe2 9. Qxe2 cxd4 10. Nxc6 bxc6 11. exd4 e6 12. Be5 Qb6 13. Rb1 O-O 14. Kf1 c5 15. Na4 Qc6 16. Nxc5 Nd7 17. Bxg7 Kxg7 18. Nxd7 Qxd7 19. Qe5+ Kg8 20. h5 Qb5+ 21. Kg1 gxh5 22. Qg5+ Kh8 23. Qf6+ Kg8 24. Rxh5 Rfd8 25. Rg5+ Kf8 26. Rg7 Qd7 27. Rxh7 {Black resigns} 1-0

[Event "FICS rated blitz game"]
[Site "FICS freechess.org"]
[FICSGamesDBGameNo "20001729"]
[White "maui"]
[Black "dtm"]
[WhiteElo "1272"]
[BlackElo "1534"]
[WhiteRD "na"]
[BlackRD "na"]
[TimeControl "840+1"]
[Date "1999.09.09"]
[Time "20:57:00"]
[WhiteClock "0:14:00.000"]
[BlackClock "0:14:00.000"]
[ECO "C24"]
[PlyCount "100"]
[Result "0-1"]

1. e4 e5 2. Bc4 Nf6 3. d4 exd4 4. Qxd4 Nc6 5. Qd3 Ne5 6. Qe2 Nxc4 7. Qxc4 d6 8. Bg5 Be6 9. Qe2 Be7 10. Nc3 O-O 11. O-O-O Re8 12. e5 Nd7 13. Bxe7 Qxe7 14. Nf3 Nxe5 15. Nd4 Qg5+ 16. Kb1 Qxg2 17. Rhg1 Qxh2 18. Rh1 Qf4 19. Qh5 h6 20. Nxe6 Rxe6 21. Nd5 Qc4 22. Ne3 Qc5 23. Nf5 Ng6 24. Qg4 Qxf2 25. Rhf1 Qe2 26. Qg1 Rae8 27. Nd4 Qe3 28. Nxe6 Qxg1 29. Rxg1 Rxe6 30. Rge1 Nf4 31. Rxe6 fxe6 32. Rd4 g5 33. Rc4 Nd5 34. Kc1 h5 35. Kd2 Kf7 36. Ke2 h4 37. Kf2 Kf6 38. Kg1 e5 39. Kh2 Kf5 40. Kh3 e4 41. Rd4 Nf4+ 42. Kh2 g4 43. Ra4 g3+ 44. Kg1 e3 45. Rd4 e2 46. Rxf4+ Kxf4 47. Kg2 h3+ 48. Kxh3 e1=Q 49. Kg2 Qf2+ 50. Kh3 Qh2# {White checkmated} 0-1

[Event "FICS rated standard game"]
[Site "FICS freechess.org"]
[FICSGamesDBGameNo "20001728"]
[White "Puckster"]
[Black "DamianoJ"]
[WhiteElo "1390"]
[BlackElo "1498"]
[WhiteRD "na"]
[BlackRD "na"]
[TimeControl "1200+0"]
[Date "1999.09.09"]
[Time "20:51:00"]
[WhiteClock "0:20:00.000"]
[BlackClock "0:20:00.000"]
[ECO "C54"]
[PlyCount "95"]
[Result "1-0"]

1. e4 e5 2. Nf3 Nc6 3. Bc4 Bc5 4. c3 Nf6 5. d4 exd4 6. cxd4 Bb4+ 7. Bd2 Bxd2+ 8. Qxd2 O-O 9. Nc3 d6 10. O-O Bg4 11. d5 Bxf3 12. dxc6 Bxe4 13. cxb7 Bxb7 14. Nd5 Bxd5 15. Bxd5 Nxd5 16. Qxd5 Qf6 17. Rac1 Rac8 18. b4 Qe5 19. Qb7 d5 20. Rfe1 Qd6 21. Qxa7 Rfd8 22. a4 d4 23. Red1 d3 24. b5 d2 25. Rc2 Qe6 26. Kf1 Qb3 27. Rcxd2 Rxd2 28. Rxd2 Qb1+ 29. Ke2 Qe4+ 30. Qe3 Qxe3+ 31. fxe3 Ra8 32. h4 g6 33. Ra2 Ra5 34. Kd3 Kf8 35. Kc4 Ke8 36. Kb4 Ra8 37. Kc5 Kd7 38. a5 h6 39. b6 cxb6+ 40. Kxb6 Kc8 41. Rd2 Rb8+ 42. Kc6 Ra8 43. Kb5 Kc7 44. a6 Rb8+ 45. Ka5 Ra8 46. Rc2+ Kb8 47. Kb6 Ra7 48. Rd2 {Black resigns} 1-0

[Event "FICS rated blitz game"]
[Site "FICS freechess.org"]
[FICSGamesDBGameNo "20001727"]
[White "muithy"]
[Black "bafq"]
[WhiteElo "1087"]
[BlackElo "1201"]
[WhiteRD "na"]
[BlackRD "na"]
[TimeControl "120+12"]
[Date "1999.09.09"]
[Time "20:37:00"]
[WhiteClock "0:02:00.000"]
[BlackClock "0:02:00.000"]
[ECO "B00"]
[PlyCount "59"]
[Result "0-1"]

1. e4 d6 2. Nf3 Nc6 3. c3 g6 4. d4 Bg7 5. b4 Nf6 6. d5 Nb8 7. Bc4 Nxe4 8. O-O c6 9. Nbd2 Bxc3 10. Rb1 Nxd2 11. Bxd2 Bg7 12. Re1 O-O 13. Nd4 b5 14. Bb3 Bxd4 15. Bh6 Bg7 16. Bxg7 Kxg7 17. Qd4+ Kg8 18. Qf4 Nd7 19. Re3 Ne5 20. dxc6 Be6 21. Bc2 Nxc6 22. Qh6 Ne5 23. Rg3 Rc8 24. Be4 d5 25. Bxg6 fxg6 26. Rf1 Bf5 27. Rg5 Nf7 28. Rg3 Nxh6 29. f4 Rc2 30. Rh3 {White resigns} 0-1

[Event "FICS rated blitz game"]
[Site "FICS freechess.org"]
[FICSGamesDBGameNo "20001726"]
[White "whiterook"]
[Black "Sieve"]
[WhiteElo "1473"]
[BlackElo "1234"]
[WhiteRD "na"]
[BlackRD "na"]
[TimeControl "300+12"]
[Date "1999.09.09"]
[Time "19:32:00"]
[WhiteClock "0:05:00.000"]
[BlackClock "0:05:00.000"]
[ECO "A00"]
[PlyCount "97"]
[Result "1-0"]

1. b4 e5 2. a3 d5 3. Bb2 Bd6 4. Nf3 d4 5. e3 Nf6 6. exd4 Bf5 7. dxe5 Qe7 8. Qe2 Bxc2 9. exf6 Qxe2+ 10. Bxe2 g6 11. Nc3 Nd7 12. Nb5 Bf4 13. Rc1 Bf5 14. O-O O-O 15. Nxc7 Rad8 16. Nd5 Bd6 17. Ne7+ Kh8 18. Nxf5 gxf5 19. Nh4 Nb6 20. Nxf5 Bf4 21. d3 Rfe8 22. Rc2 Rd5 23. Ng3 Rg5 24. Ne4 Rg6 25. g3 Bh6 26. Bh5 Nd5 27. Bxg6 hxg6 28. Nd6 Rf8 29. Nxb7 Bg5 30. Rc5 Bxf6 31. Rxd5 Bxb2 32. Ra5 Bd4 33. Nc5 Kg7 34. Rxa7 Kh6 35. Rd7 Bb2 36. a4 Ba3 37. Na6 f5 38. b5 Bb2 39. h4 Be5 40. d4 Bf6 41. d5 Be5 42. f4 Bd4+ 43. Kg2 Re8 44. Nc7 Re2+ 45. Kh3 Bf2 46. Rxf2 Rxf2 47. Ne6 Re2 48. Ng5 Ra2 49. Rh7# {Black checkmated} 1-0

[Event "FICS rated standard game"]
[Site "FICS freechess.org"]
[FICSGamesDBGameNo "20001725"]
[White "Vanceii"]
[Black "SludgePuppet"]
[WhiteElo "1872"]
[BlackElo "1695"]
[WhiteRD "na"]
[BlackRD "na"]
[TimeControl "900+0"]
[Date "1999.09.09"]
[Time "19:12:00"]
[WhiteClock "0:15:00.000"]
[BlackClock "0:15:00.000"]
[ECO "B34"]
[PlyCount "39"]
[Result "1-0"]

1. e4 c5 2. Nf3 Nc6 3. d4 cxd4 4. Nxd4 g6 5. Nc3 Bg7 6. Nb3 Bxc3+ 7. bxc3 Nf6 8. f3 d5 9. exd5 Qxd5 10. Ba3 Bf5 11. Nd4 Nxd4 12. cxd4 Rc8 13. Bd3 Qa5+ 14. Kf2 Bxd3 15. Qxd3 Rc3 16. Qe2 Qxa3 17. Rhe1 Nd5 18. Qe5 Rxc2+ 19. Kg3 Qd6 20. Qxd6 {Black resigns} 1-0

[Event "FICS rated blitz game"]
[Site "FICS freechess.org"]
[FICSGamesDBGameNo "20001724"]
[White "narasimn"]
[Black "Roederer"]
[WhiteElo "1118"]
[BlackElo "986"]
[WhiteRD "na"]
[BlackRD "na"]
[TimeControl "120+10"]
[Date "1999.09.09"]
[Time "19:04:00"]
[WhiteClock "0:02:00.000"]
[BlackClock "0:02:00.000"]
[ECO "C40"]
[PlyCount "46"]
[Result "0-1"]

1. e4 e5 2. Nf3 Qf6 3. Bc4 d6 4. d3 Bg4 5. Nbd2 Bxf3 6. Nxf3 Qg6 7. O-O Nf6 8. Ng5 Kd7 9. Nxf7 Rg8 10. Ng5 h6 11. Bxg8 hxg5 12. Bd5 c6 13. Bc4 b5 14. Bb3 Na6 15. a4 Qh5 16. Qxh5 Nxh5 17. Bxg5 Nb4 18. axb5 cxb5 19. c3 Nxd3 20. Ra2 Be7 21. Be3 Nf6 22. f3 a6 23. c4 bxc4 {White forfeits on time} 0-1

[Event "FICS rated blitz game"]
[Site "FICS freechess.org"]
[FICSGamesDBGameNo "20001722"]
[White "battaille"]
[Black "Saved"]
[WhiteElo "1089"]
[BlackElo "1335"]
[WhiteRD "na"]
[BlackRD "na"]
[TimeControl "180+0"]
[Date "1999.09.09"]
[Time "18:40:00"]
[WhiteClock "0:03:00.000"]
[BlackClock "0:03:00.000"]
[ECO "C34"]
[PlyCount "70"]
[Result "0-1"]

1. e4 e5 2. f4 exf4 3. Nf3 Bd6 4. d4 Nc6 5. e5 Bb4+ 6. c3 Ba5 7. Bxf4 d6 8. Bc4 dxe5 9. Nxe5 Nxe5 10. Bxe5 Nf6 11. O-O O-O 12. Bxf6 Qd7 13. Be5 b5 14. Bd3 Bb7 15. b4 Qd5 16. Qe2 Bb6 17. Nd2 Rad8 18. Be4 Qe6 19. Bxb7 Rde8 20. Bc6 Re7 21. Be4 f6 22. Bf4 c5 23. d5 Qd7 24. Qf3 f5 25. bxc5 Bxc5+ 26. Kh1 fxe4 27. Nxe4 Bd6 28. Nxd6 Ref7 29. Nxf7 Rxf7 30. Qg3 Qf5 31. d6 Qd7 32. Rae1 h6 33. Rf2 g5 34. Bxg5 Rxf2 35. Rf1 Rxf1# {White checkmated} 0-1

[Event "FICS rated blitz game"]
[Site "FICS freechess.org"]
[FICSGamesDBGameNo "20001721"]
[White "EColle"]
[Black "StoneMonkey"]
[WhiteElo "1635"]
[BlackElo "1760"]
[WhiteRD "na"]
[BlackRD "na"]
[TimeControl "120+8"]
[Date "1999.09.09"]
[Time "18:38:00"]
[WhiteClock "0:02:00.000"]
[BlackClock "0:02:00.000"]
[ECO "A46"]
[PlyCount "116"]
[Result "0-1"]

1. d4 Nf6 2. Nf3 e6 3. Nbd2 b5 4. e4 a6 5. Bd3 Bb7 6. O-O Be7 7. Qe2 O-O 8. b3 c5 9. c3 cxd4 10. cxd4 d6 11. Bb2 Nbd7 12. Rac1 Qa5 13. h3 Rac8 14. Rxc8 Rxc8 15. Ra1 Nf8 16. a4 b4 17. Nc4 Qh5 18. Na5 Ba8 19. Nc4 Ng6 20. Rd1 Nf4 21. Qd2 Nxd3 22. Qxd3 Bxe4 23. Qe3 Bxf3 24. Qxf3 Qxf3 25. gxf3 Nd5 26. Kg2 Rc6 27. Kg3 Bg5 28. h4 Bf4+ 29. Kg4 f5+ 30. Kh3 Kf7 31. Ba1 Nc3 32. Rd3 Nd5 33. Kg2 g6 34. Kf1 Bh6 35. Rd1 Bg7 36. Bb2 Bf6 37. Rd2 Bxh4 38. Ke2 Nf4+ 39. Kf1 h5 40. Bc1 Nd5 41. Rc2 Bf6 42. Ne5+ dxe5 43. Rxc6 exd4 44. Rxa6 d3 45. Ke1 Bc3+ 46. Bd2 h4 47. Ra7+ Kg8 48. Ra8+ Kh7 49. Ra7+ Kg8 50. Ra8+ Kf7 51. Ra7+ Ne7 52. a5 h3 53. Bxc3 bxc3 54. Ra8 Ng8 55. Ra7+ Ne7 56. Ra8 Kg7 57. Ra7 h2 58. Rxe7+ Kh6 {White resigns} 0-1

[Event "FICS rated blitz game"]
[Site "FICS freechess.org"]
[FICSGamesDBGameNo "20001719"]
[White "sceletor"]
[Black "fester"]
[WhiteElo "1953"]
[BlackElo "1874"]
[WhiteRD "na"]
[BlackRD "na"]
[TimeControl "180+0"]
[Date "1999.09.09"]
[Time "15:55:00"]
[WhiteClock "0:03:00.000"]
[BlackClock "0:03:00.000"]
[ECO "A40"]
[PlyCount "95"]
[Result "1-0"]

1. d4 g6 2. Nf3 Bg7 3. g3 c5 4. Bg2 cxd4 5. Nxd4 Nc6 6. c3 Nf6 7. O-O O-O 8. Nd2 d5 9. N2f3 Bg4 10. Nxc6 bxc6 11. Ne5 Bf5 12. Nxc6 Qd6 13. Nd4 Be4 14. f3 Bf5 15. Nxf5 gxf5 16. Qd3 e6 17. Be3 Rab8 18. b3 a6 19. Rac1 Qd7 20. Rfd1 e5 21. Bf2 e4 22. Qd2 Qe6 23. Bd4 Rfe8 24. Qf4 Nh5 25. Qg5 Nf6 26. Bh3 h6 27. Qxf5 Qxf5 28. Bxf5 exf3 29. exf3 Re2 30. Rc2 Rbe8 31. Rdd2 Re1+ 32. Kg2 Rb1 33. Re2 Rb8 34. Re7 Rd1 35. Rce2 a5 36. Bc2 Ra1 37. g4 Kf8 38. Bf5 a4 39. b4 a3 40. Bc5 Kg8 41. h3 Rc1 42. Bd4 Kf8 43. h4 Ne8 44. Bc5 Kg8 45. Rxe8+ Rxe8 46. Rxe8+ Bf8 47. Bxf8 Rb1 48. Bxh6# {Black checkmated} 1-0

[Event "FICS rated blitz game"]
[Site "FICS freechess.org"]
[FICSGamesDBGameNo "20001718"]
[White "Motik"]
[Black "MAITRE"]
[WhiteElo "1336"]
[BlackElo "1667"]
[WhiteRD "na"]
[BlackRD "na"]
[TimeControl "180+0"]
[Date "1999.09.09"]
[Time "15:49:00"]
[WhiteClock "0:03:00.000"]
[BlackClock "0:03:00.000"]
[ECO "B51"]
[PlyCount "74"]
[Result "0-1"]

1. e4 c5 2. Nf3 d6 3. Bb5+ Nd7 4. Nc3 a6 5. Ba4 b5 6. Nxb5 axb5 7. Bxb5 Nf6 8. d4 cxd4 9. Nxd4 Qa5+ 10. Bd2 Qb6 11. Bc3 e5 12. Bxd7+ Bxd7 13. Nf3 Nxe4 14. O-O Nxc3 15. bxc3 Be7 16. Qd3 O-O 17. Nxe5 Bb5 18. c4 Ba6 19. Nd7 Qc7 20. Nxf8 Bxf8 21. Qd5 Re8 22. Rfe1 Bxc4 23. Qd4 Rxe1+ 24. Rxe1 Bxa2 25. h3 Be6 26. f4 Qxc2 27. Kh2 Qc5 28. Qxc5 dxc5 29. Rc1 c4 30. f5 Bd5 31. Kg3 f6 32. Kf4 Bd6+ 33. Ke3 Be5 34. g4 c3 35. Kd3 Bg2 36. Rb1 h6 37. Rb6 Bxh3 {White forfeits on time} 0-1

[Event "FICS rated blitz game"]
[Site "FICS freechess.org"]
[FICSGamesDBGameNo "20001717"]
[White "Spacefrog"]
[Black "colbee"]
[WhiteElo "1299"]
[BlackElo "1541"]
[WhiteRD "na"]
[BlackRD "na"]
[TimeControl "180+0"]
[Date "1999.09.09"]
[Time "14:19:00"]
[WhiteClock "0:03:00.000"]
[BlackClock "0:03:00.000"]
[ECO "C02"]
[PlyCount "92"]
[Result "0-1"]

1. e4 e6 2. d4 d5 3. e5 c5 4. c3 Nc6 5. Nf3 Qb6 6. a3 Bd7 7. Bg5 h6 8. Bh4 c4 9. Nbd2 Qxb2 10. Be2 Qxc3 11. O-O Nxd4 12. Nxd4 Qxd4 13. Nf3 Qxd1 14. Rfxd1 Be7 15. h3 Bxh4 16. Nxh4 Ne7 17. Bg4 O-O 18. f4 Ba4 19. Rd4 b5 20. Rb1 Nc6 21. Rd2 c3 22. Rf2 Nd4 23. Rc1 Rfc8 24. f5 c2 25. f6 g6 26. Rf4 Rc4 27. Nxg6 Ne2+ 28. Bxe2 Rxf4 29. Nxf4 Rc8 30. Nd3 Bb3 31. Nb4 Bc4 32. Bxc4 Rxc4 33. Rxc2 Rxc2 34. Nxc2 Kh7 35. Kf2 Kg6 36. Ke3 Kf5 37. Kd4 Kf4 38. Ne3 h5 39. Nf1 h4 40. Ne3 a6 41. Nc2 Kg3 42. Ne3 Kf2 43. Ng4+ Kxg2 44. Nh6 Kxh3 45. Nxf7 Kg3 46. Ng5 h3 {White forfeits on time} 0-1

[Event "FICS rated blitz game"]
[Site "FICS freechess.org"]
[FICSGamesDBGameNo "20001716"]
[White "Funplay"]
[Black "JustInTime"]
[WhiteElo "1341"]
[BlackElo "1315"]
[WhiteRD "na"]
[BlackRD "na"]
[TimeControl "300+0"]
[Date "1999.09.09"]
[Time "13:00:00"]
[WhiteClock "0:05:00.000"]
[BlackClock "0:05:00.000"]
[ECO "A48"]
[PlyCount "116"]
[Result "1-0"]

1. d4 Nf6 2. Nf3 g6 3. Bg5 Bg7 4. e3 c6 5. Bd3 O-O 6. e4 h6 7. Be3 Ng4 8. Qd2 Nxe3 9. Qxe3 d5 10. e5 f6 11. Nbd2 fxe5 12. Nxe5 Nd7 13. O-O-O Nxe5 14. dxe5 d4 15. Qe4 Qe8 16. f4 Bf5 17. Qf3 h5 18. h3 Qf7 19. g4 hxg4 20. hxg4 Bxd3 21. cxd3 Qxa2 22. Rh3 Qa1+ 23. Kc2 Qa4+ 24. Kb1 b5 25. Qf2 Qxd1+ 26. Ka2 Qa4+ 27. Kb1 a5 28. Rh1 Bxe5 29. Qh4 Rxf4 30. Qh7+ Kf8 31. Qxg6 Ra7 32. Qxc6 Rc7 33. Qa8+ Kf7 34. Rh7+ Bg7 35. Qd5+ e6 36. Rxg7+ Kxg7 37. Qg5+ Kf7 38. Qxf4+ Kg7 39. Qxc7+ Kg6 40. Qc2 Qxc2+ 41. Kxc2 Kg5 42. Ne4+ Kxg4 43. Kd2 Kf4 44. Ke2 Ke5 45. Kf3 b4 46. b3 Kd5 47. Ke2 e5 48. Kf3 Ke6 49. Kg4 Kd5 50. Kf5 a4 51. bxa4 b3 52. Nd2 b2 53. a5 e4 54. dxe4+ Kc5 55. a6 Kb6 56. a7 Kxa7 57. Ke5 d3 58. Kd4 Kb7 {Black forfeits on time} 1-0